 Dungeon Crawl Stone Soup version 0.29.0-4-gdea44cf6ec (webtiles) character file.

Game seed: 8255334475209363048

18 qw the Chopper (level 2, -3/24 HPs)
             Began as a Barachi Chaos Knight on Sept 6, 2022.
             Slain by a sun demon (14 damage)
             ... summoned by Xom
             ... on level 1 of the Dungeon.
             The game lasted 00:00:13 (740 turns).

qw the Chopper (Barachi Chaos Knight)                Turns: 740, Time: 00:00:14

Health: -3/24      AC:  5    Str: 11 (13) XL:     2   Next: 70%
Magic:  2/2        EV: 10    Int: 12      God:
Gold:   0          SH:  0    Dex: 11      Spells: 1/1 levels left

rFire   . . .      SeeInvis .   a - +0 hand axe (chaos)
rCold   . . .      Faith    .   (no shield)
rNeg    . . .      Spirit   .   d - +0 ring mail
rPois   .          Reflect  .   (no helmet)
rElec   .          Harm     .   (no cloak)
rCorr   .          Rampage  .   (no gloves)
Will    .....                   (no boots)
Stlth   +.........              (no amulet)
HPRegen 0.08/turn               (no ring)
MPRegen 0.08/turn               (no ring)

@: slow
A: amphibious, slowness 1, strong legs 1, +LOS
a: Hop


You were on level 1 of the Dungeon.
You visited 1 branch of the dungeon, and saw 1 of its levels.


Innate Abilities, Weirdness & Mutations

You are amphibious.
You cover ground slowly.
You can hop short distances.
You have an extended range of vision and can be seen from far away.


   Skills:
 - Level 3.6 Fighting
 + Level 4.3 Axes
 - Level 2.4 Armour
 - Level 1.1 Dodging


You had one spell level left.
You didn't know any spells.
Your spell library was empty.

Inventory:

Hand Weapons
 a - a +0 hand axe of chaos (weapon)
 e - a +0 whip
Armour
 d - a +0 ring mail (worn)
Scrolls
 b - 2 scrolls of identify {unknown}
 f - a scroll of amnesia {unknown}
Miscellaneous
 c - a piece from Xom's chessboard (15/15)

Dungeon Overview and Level Annotations

Branches:
Dungeon (1/15)

Altars:


Message History

Found a scroll labelled GATIRHAYRE.
The dart slug bites you but does no damage.
You hit the dart slug.
The dart slug suddenly stops moving!
The dart slug is lightly wounded.
The helpless dart slug fails to defend itself.
You hit the dart slug.
The dart slug is lightly wounded.
The dart slug is no longer paralysed.
The dart slug launches a dart at you.
The slug dart hits you but does no damage.
You hit the dart slug.
The dart slug is severely wounded.
You hit the dart slug. You drain the dart slug.
The dart slug is almost dead.
The dart slug barely misses you.
You hit the dart slug but do no damage.
The dart slug is almost dead.
The dart slug launches a dart at you. The slug dart hits you.
You hit the dart slug.
You kill the dart slug!
You start resting.
HP restored.
e - a +0 whip
Things that are here:
a stone; a kobold corpse; a ball python corpse
f - a scroll labelled LARAUNLEHU You see here a +0 short sword.
You hear Xom's maniacal laughter.
An iron imp comes into view.
You hit the iron imp but do no damage. You closely miss the iron imp.
You hit the crimson imp.
The crimson imp resists with almost no effort.
The crimson imp is lightly wounded.
You closely miss the sun demon. You barely miss the iron imp.
You hit the shadow imp. The iron imp hits you. The sun demon hits you!
You are engulfed in flames!
Ouch! That really hurt!
You die...

..###... .##...###
#.......##.......#
..............#.#
#...#.#.#.#....# #
#...........#.#.#
#..#.#.#.#..#...#
#............###
###.#.#.#5#3.....#
...>.......@.##..
#.....#.#.#5#5#
?..##.......5.# ##
#####.)#..# ##))#.##.#
##$ #%......#
..############.#####...#
..#.[...#~~~~7~7~~~# ...
..#.###.#~..P...P.~# ##.


You could see a sun demon (summoned), 2 iron imps, a crimson imp (summoned) and
a shadow imp (summoned).

Vanquished Creatures
  2 dart slugs (D:1)
  3 ball pythons (D:1)
  An endoplasm (D:1)
  A giant cockroach (D:1)
  2 goblins (D:1)
  A quokka (D:1)
  3 kobolds (D:1)
  A rat (D:1)
14 creatures vanquished.

Vanquished Creatures (others)
  5 toadstools (D:1)
5 creatures vanquished.

Grand Total: 19 creatures vanquished

Notes
Turn   | Place    | Note
-------+----------+-------------------------------------------
     0 | D:1      | qw the Barachi Chaos Knight began the quest for the Orb.
     0 | D:1      | Reached XP level 1. HP: 18/18 MP: 1/1
     0 | D:1      | 0 ||| qw: Version: 0.1-a-107-g9ff403c
     0 | D:1      | 0 ||| qw: Game counter: 6092
     0 | D:1      | 0 ||| qw: Always use a shield: true
     0 | D:1      | 0 ||| qw: God list: Okawaru
     0 | D:1      | 0 ||| qw: Allow faded altars: false
     0 | D:1      | 0 ||| qw: Do Orc after D:15 true
     0 | D:1      | 0 ||| qw: Do second Lair branch before Depths: true
     0 | D:1      | 0 ||| qw: Lair rune preference: random
     0 | D:1      | 0 ||| qw: Plans: Normal
     0 | D:1      | 0 ||| PLANNING D:1-11
     0 | D:1      | Fell from the grace of Xom
    22 | D:1      | 22 ||| UPGRADING to +0 ring mail.
   213 | D:1      | 213 ||| DROPPING +2 leather armour.
   463 | D:1      | Reached XP level 2. HP: 18/24 MP: 2/2
   463 | D:1      | 463 ||| Stepping ~*~*~tactically~*~*~ (stealth).
   469 | D:1      | Reached skill level 4 in Axes
   498 | D:1      | 498 ||| Stepping ~*~*~tactically~*~*~ (stealth).
   498 | D:1      | XOM: stat loss: -2 Str (11/13)
   536 | D:1      | 536 ||| Stepping ~*~*~tactically~*~*~ (stealth).
   639 | D:1      | XOM: noise
   737 | D:1      | XOM: summons 5 hostile demons
   738 | D:1      | Noticed a crimson imp
   738 | D:1      | Noticed a sun demon
   740 | D:1      | Slain by a sun demon

Levels and vault maps discovered:
D:1:      ldierk_walled_garden, layout_rooms, serial_co_window_serial,
          co_window_of_opportunity_a, co_window_corner_a, co_window_corner_a,
          co_window_paths_b, co_window_paths_a, co_window_of_opportunity_a,
          co_window_paths_a, co_window_of_opportunity_a, co_window_paths_a,
          co_window_unsneaky_path_b, co_window_corner_ca, co_window_corner_cb,
          co_window_corner_ca, co_window_of_opportunity_c, glass_columns_c,
          glass_columns_c, hellmonk_ecumenical_altar_run_dry

Skill      XL: |  1  2 |
---------------+-------+-----
Axes           | 4 |  4.3
Fighting       | |  3.6
Armour         | |  2.4
Dodging        | |  1.1

Action                   || total
-------------------------++-------
Melee: Hand axe          ||    33
Invok: Renounce Religion ||     1
 Stab: Paralysed         ||     1
Armor: Ring mail         ||     9
Dodge: Dodged            ||    11

Table legend:
 A = Non-vault XP
 B = Vault XP
 C = Vault XP percentage of total XP
 D = Non-vault monster count
 E = Vault monster count
 F = Vault count percentage of total count
                 A         B        C        D         E       F
            +---------+---------+-------+---------+---------+-------
      Total |      27 |       0 |   0.0 |      14 |       0 |   0.0
            +---------+---------+-------+---------+---------+-------
        D:1 |      27 |       0 |   0.0 |      14 |       0 |   0.0
            +---------+---------+-------+---------+---------+-------
